 Dungeon Sprint DCSS version 0.30-a0-634-g8abc85282e (webtiles) character file.

Game seed: 3553668512688552203

19084 mhtbhm the Brawler (level 12, -12/132 HPs)
             Began as a Troll Transmuter on Jan 15, 2023.
             Was an Initiate of Gozag.
             Mangled by Polyphemus (25 damage)
             ... in the Dungeon (Sprint III: "The Ten Rune Challenge").
             The game lasted 00:12:22 (2858 turns).

mhtbhm the Brawler (Troll Transmuter)               Turns: 2858, Time: 00:12:23

Health: -12/132    AC:  7    Str: 31    XL:     12   Next: 33%
Magic:  21/24      EV: 11    Int:  9    God:    Gozag
Gold:   5212       SH:  5    Dex: 10    Spells: 20/30 levels left

rFire   x . .      SeeInvis .      - Unarmed
rCold   + + +      Faith    .    (shield currently unavailable)
rNeg    . . .      Spirit   .    (body armour currently unavailable)
rPois   +          Reflect  +    (helmet currently unavailable)
rElec   .          Harm     .    (cloak currently unavailable)
rCorr   .          Rampage  .    (gloves unavailable)
Will    .....      NoTele   +    (boots unavailable)
Stlth   +++                      v - amulet of reflection
HPRegen 1.22/turn                m - +4 ring of slaying
MPRegen 0.19/turn                r - +6 ring of strength

@: ice-form, wereblooded
A: freezing attack, amphibious, boosted hp, large, unfitting armour, (claws 3),
regeneration 1, (shaggy fur 1), (tough skin 1)
a: End Transformation, Renounce Religion, Potion Petition, Call Merchant, Bribe
Branch


You were in the Dungeon.
You worshipped Gozag.
Gozag was greatly pleased with you.
You were a creature of crystalline ice.
You visited 1 branch You collected 7150 gold pieces.
You spent 1938 gold pieces at shops.

Inventory:

Missiles
 g - 7 curare-tipped darts
Armour
 a - a +2 robe of positive energy (melded)
 h - a +0 hat (melded)
Jewellery
 m - a +4 ring of slaying (left front paw)
 r - a +6 ring of strength (right front paw)
 v - an amulet of reflection (around neck)
Wands
 q - a wand of mindburst (7)
Scrolls
 j - a scroll of fear
 l - a scroll of torment
 o - a scroll of poison
 t - a scroll of fog
 u - a scroll of magic mapping
Potions
 b - 2 potions of lignification
 c - 2 potions of curing
 d - 2 potions of heal wounds
 e - 2 potions of haste
 f - 2 potions of magic
 i - 2 potions of brilliance
 k - 3 potions of mutation {unknown}
 n - 4 potions of flight
 s - a potion of berserk rage
 w - a potion of resistance
 x - 2 potions of degeneration {unknown}
 z - a potion of might
Miscellaneous
 p - a condenser vane


   Skills:
 + Level 4.9 Fighting
 + Level 7.0 Dodging
 + Level 6.2 Stealth
 + Level 2.8 Shields
 + Level 19.6 Unarmed Combat
 + Level 9.8 Spellcasting
 + Level 10.4 Transmutations
 + Level 5.8 Ice Magic
 + Level 0.8 Poison Magic
 + Level 3.7 Evocations


You had 20 spell levels left.
You knew the following spells:

 Your Spells              Type           Power      Damage    Failure   Level
a - Beastly Appendage     Tmut           46%        N/A       1%          1
b - Wereblood             Tmut           23%        N/A       1%          2
c - Spider Form           Tmut/Pois      14%        N/A       4%          3
d - Ice Form              Ice/Tmut       19%        N/A       5%          4

Your spell library contained the following spells:

 Spells                   Type           Power      Damage    Failure   Level
 Passwall                 Tmut/Erth      10%        N/A       2%          2
 Sandblast                Erth           8%         2d5       16%         1
 Stone Arrow              Conj/Erth      8%         3d7       41%         3


Dungeon Overview and Level Annotations

Branches:
Dungeon (1/1)

Altars:
Cheibriados
Dithmenos
Elyvilon
Fedhas
Gozag
Hepliaklqana
Kikubaaqudgha
Makhleb
Nemelex Xobeh
Okawaru
Qazlal
Ru
Sif Muna
Trog
Uskayaw
Vehumet
Wu Jian
Xom
Yredelemnul
Zin
The Shining One
Jiyva
Lugonu

Shops:
D :=!:[*=(((?

Annotations:
D Polyphemus


Innate Abilities, Weirdness & Mutations

You are a creature of crystalline ice.
You have a powerful freezing melee attack.
You are amphibious.
Your maximum health is increased.
Your armour is entirely melded.
You are incapable of wielding weapons or throwing items.
You are too large for most types of armour.
((You have claws for hands.))
Your natural rate of healing is unusually fast.
((You are covered in fur. (AC +1)))
((You have tough skin. (AC +1)))


Message History

Unknown command.
The merfolk javelineer throws a silver javelin.
The silver javelin pierces through you! The silver sears you!
You pummel the merfolk javelineer!! You freeze the merfolk javelineer!
The merfolk javelineer is heavily wounded.
The merfolk javelineer throws a silver javelin.
The silver javelin pierces through you! The silver sears you!
You pummel the merfolk javelineer!! You freeze the merfolk javelineer!
You feel a bit better.
You kill the merfolk javelineer!
Your life force feels restored.
Your Dodging skill increases to level 7!
Polyphemus shouts, "Attack, my pets!
Attack!"
There is an open door to the Shoals, spattered with blood here.
Items here: $ ( ) [.
Unknown command.
You start resting.
You howl as the wereblood boils in your veins!
Unknown command.
You start resting.
You howl as the wereblood boils in your veins!
Polyphemus roars loudly for his pets to attack!
You start resting.
You howl as the wereblood boils in your veins!
Unknown command.
You pummel Polyphemus!! You freeze Polyphemus!
Polyphemus is lightly wounded.
Polyphemus barely misses you. Polyphemus hits you.
You hit Polyphemus but do no damage.
Polyphemus is lightly wounded.
Polyphemus hits you but does no damage. Polyphemus hits you!!
You pulverise Polyphemus!!!
You freeze Polyphemus.
Polyphemus is heavily wounded.
You punch Polyphemus! You freeze Polyphemus.
Polyphemus is heavily wounded.
Polyphemus hits you!!!
* * * LOW HITPOINT WARNING * * *
Polyphemus hits you!!
You die...
Your body crumbles into a pile of gold.

♣♣♣♣♣♣♣#..♣♣ ♣♣♣##'## ♣
###'♣♣♣♣♣♣♣♣♣♣♣♣♣♣♣ #)..'
##♣
♣♣♣♣.##..##~~~~~≈..#$$#...#
..♣ ♣...##.##.#~~~~≈...#$
#...# ##+
♣♣.##.##.##'~~~≈≈#### #####
♣..#.##...#~~...§§§§ #....
♣♣.##.##.)#≈..+##### #....
♣♣.##.#####...# #).).
♣.....##.Y....# #.)).
########C######## #'###
▓~~≈≈≈≈≈≈≈ #.... ▓≈≈~≈≈≈≈≈≈
#.### ▓≈≈≈..≈≈≈≈ #.#$
▓≈≈....~~~ #.# ▓≈≈≈..≈S≈≈
#.# ▓≈≈≈≈≈≈C≈≈ #.#
▓≈~~~~~≈≈~ #.# #


You could see Polyphemus.

Vanquished Creatures
  Rupert (D)
  Gastronok (D)
  Dowan (D)
  Ilsuiw (D)
  2 dire elephants (D)
  A merfolk javelineer (D)
  2 hydras (D)
  Erolcha (D)
  Urug (D)
  An obsidian statue (D)
  A death drake (D)
  A lindwurm (D)
  A deep elf pyromancer (D)
  2 elephants (D)
  2 cane toads (D)
  Duvessa (D)
  A komodo dragon (D)
  A rime drake (D)
  A queen bee (D)
  3 orc high priests (D)
  2 tyrant leeches (D)
  5 blink frogs (D)
  3 dream sheep (D)
  A shadow (D)
  5 redbacks (D)
  A spatial vortex (D)
  3 wandering mushrooms (D)
  A swamp drake (D)
  5 two-headed ogres (D)
  A scorpion (D)
  A water elemental (D)
  A necrophage (D)
  24 killer bees (D)
  An electric eel (D)
  A jelly (D)
  An orc priest (D)
  A wizard (D)
  Jessica (D)
  A necromancer (D)
  A kobold demonologist (D)
  3 humans (D)
  An endoplasm (D)
  2 rats (D)
  A plant (D)
93 creatures vanquished.

Vanquished Creatures (collateral kills)
  6 killer bees (D)
6 creatures vanquished.

Vanquished Creatures (others)
  2 killer bees (D)
  9 plants (D)
11 creatures vanquished.

Grand Total: 110 creatures vanquished

Notes
Turn   | Place    | Note
-------+----------+-------------------------------------------
     0 | D        | mhtbhm the Troll Transmuter began the quest for the Orb.
     0 | D        | Reached XP level 1. HP: 18/18 MP: 1/1
    32 | D        | Noticed Jessica
    35 | D        | Killed Jessica
    36 | D        | Reached skill level 5 in Unarmed Combat
    36 | D        | Reached XP level 2. HP: 20/26 MP: 2/4
    37 | D        | Reached XP level 3. HP: 25/32 MP: 2/5
   168 | D        | Learned a level 2 spell: Wereblood
   172 | D        | Learned a level 3 spell: Spider Form
   241 | D        | Noticed a scorpion
   247 | D        | Killed a scorpion
   248 | D        | Reached skill level 1 in Fighting
   248 | D        | Reached skill level 6 in Unarmed Combat
   248 | D        | Reached XP level 4. HP: 41/41 MP: 0/7
   333 | D        | Noticed a water elemental
   336 | D        | Killed a water elemental
   337 | D        | Reached skill level 1 in Stealth
   337 | D        | Reached skill level 7 in Unarmed Combat
   337 | D        | Reached XP level 5. HP: 48/48 MP: 4/9
   373 | D        | Reached skill level 8 in Unarmed Combat
   374 | D        | Noticed a shadow
   381 | D        | Killed a shadow
   382 | D        | Reached skill level 9 in Unarmed Combat
   382 | D        | Reached XP level 6. HP: 44/55 MP: 6/11
   425 | D        | Found a blossoming altar of Fedhas.
   425 | D        | Found a stormy altar of Qazlal.
   425 | D        | Found a snail-covered altar of Cheibriados.
   425 | D        | Found a burning altar of Makhleb.
   425 | D        | Found a shimmering altar of Xom.
   425 | D        | Noticed a spatial vortex
   426 | D        | Found a hazy altar of Hepliaklqana.
   426 | D        | Found an opulent altar of Gozag.
   426 | D        | Found a sparkling altar of Nemelex Xobeh.
   426 | D        | Found a corrupted altar of Lugonu.
   426 | D        | Found a viscous altar of Jiyva.
   468 | D        | Learned a level 4 spell: Ice Form
  1016 | D        | Killed a spatial vortex
  1017 | D        | Reached skill level 5 in Transmutations
  1021 | D        | Became a worshipper of Gozag Ym Sagoz the Greedy
  1099 | D        | Found a basalt altar of Yredelemnul.
  1099 | D        | Found a shadowy altar of Dithmenos.
  1099 | D        | Found a sacrificial altar of Ru.
  1104 | D        | Reached skill level 10 in Unarmed Combat
  1104 | D        | Reached skill level 5 in Spellcasting
  1104 | D        | Reached skill level 1 in Ice Magic
  1104 | D        | Reached XP level 7. HP: 62/62 MP: 9/13
  1112 | D        | Found a hide-covered altar of Uskayaw.
  1112 | D        | Found an iron altar of Okawaru.
  1113 | D        | Found a bloodstained altar of Trog.
  1113 | D        | Found an ornate altar of the Wu Jian Council.
  1113 | D        | Noticed a human
  1113 | D        | Noticed a human
  1117 | D        | Killed a human
  1125 | D        | Killed a human
  1181 | D        | Found a radiant altar of Vehumet.
  1181 | D        | Found a shimmering blue altar of Sif Muna.
  1181 | D        | Found an ancient bone altar of Kikubaaqudgha.
  1188 | D        | Noticed an ice devil
  1196 | D        | Found a glowing silver altar of Zin.
  1197 | D        | Found a glowing golden altar of the Shining One.
  1197 | D        | Found a white marble altar of Elyvilon.
  1197 | D        | Noticed a deep elf pyromancer
  1203 | D        | Killed a deep elf pyromancer
  1204 | D        | Reached skill level 11 in Unarmed Combat
  1204 | D        | Reached XP level 8. HP: 49/72 MP: 11/16
  1281 | D        | Noticed a two-headed ogre
  1286 | D        | Killed a two-headed ogre
  1287 | D        | Reached skill level 12 in Unarmed Combat
  1356 | D        | Noticed a two-headed ogre
  1356 | D        | Noticed Erolcha
  1361 | D        | Killed Erolcha
  1362 | D        | Reached XP level 9. HP: 61/80 MP: 12/19
  1365 | D        | Killed a two-headed ogre
  1366 | D        | Reached skill level 13 in Unarmed Combat
  1485 | D        | Noticed a wandering mushroom
  1489 | D        | Noticed a wandering mushroom
  1491 | D        | Noticed a wandering mushroom
  1553 | D        | Noticed a cane toad
  1553 | D        | Noticed a komodo dragon
  1553 | D        | Noticed a cane toad
  1557 | D        | Killed a komodo dragon
  1558 | D        | Reached skill level 1 in Evocations
  1562 | D        | Killed a cane toad
  1564 | D        | Killed a cane toad
  1565 | D        | Reached skill level 14 in Unarmed Combat
  1565 | D        | Reached XP level 10. HP: 91/91 MP: 17/21
  1570 | D        | Reached skill level 5 in Dodging
  1717 | D        | Reached skill level 15 in Unarmed Combat
  1910 | D        | Noticed Dowan
  1910 | D        | Noticed Duvessa
  1917 | D        | Killed Duvessa
  1918 | D        | Reached skill level 16 in Unarmed Combat
  1918 | D        | Reached XP level 11. HP: 83/98 MP: 16/23
  1941 | D        | Killed Dowan
  1942 | D        | Reached skill level 5 in Stealth
  2015 | D        | Reached skill level 5 in Ice Magic
  2061 | D        | Noticed an obsidian statue
  2074 | D        | Killed an obsidian statue
  2086 | D        | Found Aconn's Jewellery Shop.
  2086 | D        | Found Jozohev's Magic Scroll Shoppe.
  2086 | D        | Found Caepur's Antique Armour Boutique.
  2086 | D        | Found Xihulo's General Store.
  2086 | D        | Found Kelaulap's Weapon Shop.
  2086 | D        | Found Mynur's Antique Weapon Emporium.
  2086 | D        | Found Nurghes Yrip's Weapon Boutique.
  2087 | D        | Found Caujojiw's Book Boutique.
  2087 | D        | Found Pevamuty's Distillery.
  2087 | D        | Found Quryithri's Jewellery Shop.
  2087 | D        | Found Katoton's Book Emporium.
  2129 | D        | Bought a +4 ring of slaying for 780 gold pieces
  2129 | D        | Bought a +6 ring of strength for 360 gold pieces
  2138 | D        | Bought a potion of berserk rage for 60 gold pieces
  2138 | D        | Bought a scroll of fear for 48 gold pieces
  2144 | D        | Bought a scroll of fog for 48 gold pieces
  2144 | D        | Bought a scroll of magic mapping for 90 gold pieces
  2147 | D        | Bought an amulet of reflection for 300 gold pieces
  2160 | D        | Bought a potion of resistance for 140 gold pieces
  2160 | D        | Bought a potion of flight for 42 gold pieces
  2160 | D        | Bought a potion of heal wounds for 70 gold pieces
  2261 | D        | Noticed a lindwurm
  2263 | D        | Killed a lindwurm
  2264 | D        | Reached skill level 17 in Unarmed Combat
  2276 | D        | Noticed Urug
  2283 | D        | Killed Urug
  2286 | D        | Noticed a six-headed hydra
  2286 | D        | Noticed a six-headed hydra
  2291 | D        | Killed a six-headed hydra
  2291 | D        | Noticed a death drake
  2297 | D        | Killed a death drake
  2299 | D        | Killed a six-headed hydra
  2341 | D        | Noticed Polyphemus
  2369 | D        | Reached skill level 1 in Shields
  2374 | D        | Reached skill level 18 in Unarmed Combat
  2413 | D        | Noticed Ilsuiw
  2425 | D        | Noticed a merfolk javelineer
  2427 | D        | Killed Ilsuiw
  2681 | D        | Noticed Rupert
  2690 | D        | Killed Rupert
  2691 | D        | Reached XP level 12. HP: 109/109 MP: 18/24
  2703 | D        | Noticed a dire elephant
  2703 | D        | Noticed a dire elephant
  2703 | D        | Noticed Gastronok
  2713 | D        | Killed a dire elephant
  2714 | D        | Reached skill level 10 in Transmutations
  2716 | D        | Killed a dire elephant
  2717 | D        | Reached skill level 19 in Unarmed Combat
  2727 | D        | Killed Gastronok
  2767 | D        | Noticed an azure jelly
  2767 | D        | Noticed an azure jelly
  2767 | D        | Noticed an azure jelly
  2768 | D        | Noticed an azure jelly
  2842 | D        | Killed a merfolk javelineer
  2858 | D        | Mangled by Polyphemus

Illustrated notes

Levels and vault maps discovered:
D:        dungeon_sprint_mu [sprint_mu_entry_forest, sprint_mu_temple_rooms,
          sprint_mu_d1_spiders, sprint_mu_d2_genie, sprint_mu_d3_branching,
          sprint_mu_orc_legion, sprint_mu_elf_gauntlet, sprint_mu_hive_nellie,
          sprint_mu_lair_fedhas, sprint_mu_vaults_butterflies,
          sprint_mu_slime_circle, sprint_mu_swamp_cave, sprint_mu_shoals_archi,
          sprint_mu_blade_basic, sprint_mu_crypt_chambers,
          sprint_mu_tomb_spiral, sprint_mu_vestibule_basic,
          sprint_mu_gehenna_hellfire, sprint_mu_dis_giant,
          sprint_mu_tartarus_statrot, sprint_mu_cocytus_islands, sprint_mu_zot1]

Skill      XL: |  1  2  3  4  5  6  7  8  9 10 11 12 |
---------------+-------------------------------------+-----
Dodging        | 2 3 4 5 6 7 |  7.0
Unarmed Combat | 5 6 7 9 10 11 12 14 16 18 19 | 19.6
Spellcasting   | 2 3 4 5 6 7 8 9 |  9.8
Transmutations | 2 3 4 5 6 7 8 9 10 | 10.4
Fighting       | 1 2 3 4 |  4.9
Stealth        | 1 2 3 4 6 |  6.2
Ice Magic      | 1 2 3 4 5 |  5.8
Evocations     | 1 3 |  3.7
Shields        | 1 2 |  2.8
Poison Magic   | |  0.8

Action                   |  1- 3 |  4- 6 |  7- 9 | 10-12 || total
-------------------------+-------+-------+-------+-------++-------
Melee: Unarmed           |    26 |    21 |    64 |   173 ||   284
       Kick              |     2 |     3 |     2 |       ||     7
       Punch             |     1 |     1 |       |     5 ||     7
       Headbutt          |       |     2 |     2 |       ||     4
 Cast: Beastly Appendage |     3 |     4 |       |       ||     7
       Wereblood         |     1 |     5 |     6 |    13 ||    25
       Spider Form       |     1 |       |       |       ||     1
       Ice Form          |       |     1 |     6 |    11 ||    18
Evoke: Condenser vane    |       |       |     2 |     5 ||     7
       Wand              |       |       |       |     8 ||     8
  Use: Scroll            |       |       |     4 |     2 ||     6
       Potion            |       |       |       |     4 ||     4
 Stab: Sleeping          |     1 |       |     1 |     3 ||     5
       Confused          |       |       |     2 |    11 ||    13
       Distracted        |       |       |       |     1 ||     1
Armor: Robe              |     4 |       |     1 |       ||     5
       Skin              |       |       |     2 |    26 ||    28
Dodge: Dodged            |    10 |     3 |    18 |    56 ||    87
Block: Other             |       |       |       |     8 ||     8
       Reflection        |       |       |       |     1 ||     1

Table legend: (Time is in decaauts)
 A = Elapsed time spent in this place.
 B = Non-inter-level travel time spent in this place.
 C = Inter-level travel time spent in this place.
 D = Time resting spent in this place.
 E = Time spent auto-exploring this place.
 F = Levels seen in this place.
 G = Mean time per level.
                   A        B        C        D        E       F      G
               +--------+--------+--------+--------+--------+-----+--------+
         Total |   2794 |   2794 |      0 |   1432 |     39 |   1 | 2794.0 |
       Dungeon |   2794 |   2794 |      0 |   1432 |     39 |   1 | 2794.0 |
               +--------+--------+--------+--------+--------+-----+--------+

Top non-repeatable levels by time:
       D: 2794 daAuts
